Unix NetHack Version 5.0.0-0 post-release - last build Jun 10 2026 00:39:30 (3ee93aec679c4c4259841fe613dc97188e26a321,branch:main).

Game began 2026-06-25 21:59:30, ended 2026-06-25 22:14:19.

Felix1, neutral male gnomish Wizard

    --------------
    |<............#
    |............|###
    |............|  #
    |............|  #@%
    |............. ##a#
    --------------

Felix1 the Conjurer       St:8 Dx:15 Co:16 In:19 Wi:10 Ch:10  Neutral
Dlvl:5  $:50 HP:0(28) Pw:1(26) AC:9  Xp:4 T:1827 

Latest messages:
 You see here a jackal corpse.
 There is a jackal corpse here; eat it? [ynq] (n) y
 This jackal corpse tastes okay.
 You finish eating the jackal corpse.
 D - a wand of striking.
 The bat bites!
 The bat bites!
 You kill the bat!
 You hear the chime of a cash register.
 The door resists!
 The door opens.
 You descend the stairs.
 Double run prefix, canceled.
 You see here a food ration.
 You see here a food ration.
 E - a food ration.
 You miss the giant ant.
 The giant ant bites!
 In what direction? 6
 The spell misses the giant ant.
 The spell hits the kobold!
 You kill the kobold!
 The spell misses it.
 The giant ant bites!
 The giant ant bites!
 In what direction? 6
 The spell hits the giant ant!
 You kill the giant ant!
 The giant ant bites!
 The giant ant bites!
 In what direction? 3
 The spell misses the giant ant.
 The giant ant bites!
 The giant ant bites!
 In what direction? 3
 The spell misses the giant ant.
 The giant ant bites!
 In what direction? 3
 The spell misses the giant ant.
 The giant ant bites!
 You miss the giant ant.
 The giant ant bites!
 You miss the giant ant.
 The giant ant bites!
 b - an uncursed +0 cloak of magic resistance (being worn).
 You see here a giant ant corpse.
 The giant ant bites!
 The giant ant bites!
 You die...
 Do you want your possessions identified? [ynq] (y) q

Inventory:
 Coins    ('$')
  $ - 50 gold pieces
 Weapons  (')')
  a - a blessed +1 quarterstaff (weapon in hands)
 Armor    ('[')
  b - an uncursed +0 cloak of magic resistance (being worn)
 Comestibles  ('%')
  x - 2 uncursed cram rations
  E - an uncursed food ration
 Scrolls  ('?')
  r - a blessed scroll of confuse monster
  j - an uncursed scroll of food detection
  i - a blessed scroll of identify
  q - a cursed scroll of identify
  A - an uncursed scroll of stinking cloud
 Spellbooks  ('+')
  u - an uncursed spellbook of charm monster
  l - a blessed spellbook of force bolt
  C - an uncursed spellbook of light
  m - an uncursed spellbook of magic missile
 Potions  ('!')
  h - a blessed potion of blindness
  f - an uncursed potion of confusion
  g - an uncursed potion of gain ability
  s - an uncursed potion of levitation
  z - a cursed potion of paralysis
  B - a cursed potion of speed
 Rings    ('=')
  e - an uncursed +2 ring of increase accuracy
  d - an uncursed ring of searching
 Wands    ('/')
  c - a wand of lightning (0:8)
  D - a wand of striking (0:6)
 Tools    ('(')
  p - a blessed can of grease (0:10)
  n - a magic marker (0:20)
 Gems/Stones  ('*')
  y - 2 uncursed opals
  o - an uncursed worthless piece of orange glass

Felix1 the Wizard's attributes:

Background:
 You were a Conjurer, a level 4 male gnomish Wizard.
 You were neutral, on a mission for Thoth
 who was opposed by Ptah (lawful) and Anhur (chaotic).
 You were right-handed.
 You were in the Dungeons of Doom, on level 5.
 You entered the dungeon 1827 turns ago.
 It was nighttime.
 You had 100 experience points, 60 more were needed to attain level 5.

Basics:
 You had 0 out of 28 hit points.
 You had 1 out of 26 energy points (spell power).
 Your armor class was 9.
 Your wallet contained 50 zorkmids.
 Autopickup was off.

Final Characteristics:
 Your strength was 8 (limit:18/50).
 Your dexterity was 15 (limit:18).
 Your constitution was 16 (limit:18).
 Your intelligence was 19 (limit:19).
 Your wisdom was 10 (limit:18).
 Your charisma was 10 (limit:18).

Final Status:
 You weren't hungry.
 You were unencumbered.
 You were wielding a quarterstaff.
 You had basic skill with quarterstaff.

Final Attributes:
 You were devoutly aligned.
 You were magic-protected.
 You had infravision.
 You were warded.
 You are dead.

Miscellaneous:
 You didn't encounter any bones levels.
 Total elapsed playing time was 14 minutes and 48 seconds.

Major events:
 Turn
    1: Felix1 the neutral male gnomish Wizard entered the dungeon
  814: entered the Gnomish Mines
 1355: attained the rank of Conjurer (level 3)
 1827: killed by a giant ant

Spells:
 Name                 Level Category     Fail Retention
 force bolt             1   attack         0%  91%-100%
 magic missile          2   attack         0%  91%-100%

Skills:
 Fighting Skills
   bare handed combat [Unskilled]
   riding             [Unskilled]
 Weapon Skills
   dagger             [Unskilled]
   knife              [Unskilled]
   axe                [Unskilled]
   short sword        [Unskilled]
   club               [Unskilled]
   mace               [Unskilled]
   quarterstaff       [Basic]
   polearms           [Unskilled]
   spear              [Unskilled]
   trident            [Unskilled]
   sling              [Unskilled]
   dart               [Unskilled]
   shuriken           [Unskilled]
 Spellcasting Skills
   attack spells      [Basic]
   healing spells     [Unskilled]
   divination spells  [Unskilled]
   enchantment spells [Basic]
   clerical spells    [Unskilled]
   escape spells      [Unskilled]
   matter spells      [Unskilled]

Voluntary challenges:
 Character rerolling was not enabled.
 You never genocided any monsters.
 You never polymorphed an object.
 You never changed form.
 You used no wishes.
Achievements:
 You entered the Gnomish Mines.
 You attained the rank of Conjurer.
 You entered a shop.

 The Dungeons of Doom: levels 1 to 5
    Level 1:
    Level 2:
    Level 3:
       An altar to Thoth.
       Stairs down to The Gnomish Mines.
    Level 4:
       An armor shop.
    Level 5: <- You were here.
       Final resting place for
          you, killed by a giant ant.
 The Gnomish Mines:
    Level 4:


Vanquished creatures:
  a giant ant
  a homunculus
  a wererat
  3 iguanas
  a hobbit
  a giant rat
  a cave spider
  a yellow mold
  a gnome zombie
  5 jackals
  2 foxes
  a kobold
  2 goblins
  2 grid bugs
  a bat
  2 lichens
  3 newts
29 creatures vanquished.

No species were genocided or became extinct.

Game over:
                       ----------
                      /          \
                     /    REST    \
                    /      IN      \
                   /     PEACE      \
                  /                  \
                  |      Felix1      |
                  |      50 Au       |
                  |   killed by a    |
                  |    giant ant     |
                  |                  |
                  |                  |
                  |       2026       |
                 *|     *  *  *      | *
        _________)/\\_//(\/(/\)/\//\/|_)_______

Goodbye Felix1 the Wizard...

You died in The Dungeons of Doom on dungeon level 5 with 645 points,
and 50 pieces of gold, after 1827 moves.
You were level 4 with a maximum of 28 hit points when you died.

